 Dungeon Crawl Stone Soup version 0.17.0-57-g0e89251 (webtiles) character file.

95344 Peloso the Fencer (level 15, -10/144 HPs)
             Began as a Minotaur Fighter on Dec 6, 2015.
             Was the Champion of Okawaru.
             Mangled by a shock serpent (glowing shapeshifter) (14 damage)
             ... on level 15 of the Dungeon on Dec 7, 2015.
             The game lasted 01:51:06 (25166 turns).

Peloso the Fencer (Minotaur Fighter)               Turns: 25166, Time: 01:51:06

Health: -10/144    AC: 33    Str: 32    XL:     15   Next: 66%
Magic:  16/16      EV: 14    Int:  9    God:    Okawaru [******]
Gold:   1507       SH:  0    Dex: 19    Spells: 0 memorised, 14 levels left

rFire  + + .     SeeInvis +     x - +6 triple sword of the Kidney {pain, rPois}
rCold  . . .     Clarity  .     O - +1 plate armour {rPois}
rNeg   . . .     SustAt   .     (shield currently unavailable)
rPois  +         Gourm    .     S - +1 hat "Xucic" {rF++ MR- rCorr}
rElec  .         Spirit   .     R - +0 cloak "Ubbiq" {Int+7}
rCorr  +         Warding  .     Y - +2 pair of gloves {Dex+3}
rMut   .         Stasis   .     P - +2 pair of boots "Qysar" {Str+7}
MR     .....                    m - amulet of faith
Stlth  ..........               q - ring of Toymoif {Int-3 Dex+4 SInv}
                                G - +5 ring of protection

@: slowed, very slow, not resistant to hostile enchantments, extremely
unstealthy
A: retaliatory headbutt, horns 2, high mp 1
a: Heroism, Finesse, Renounce Religion


You were on level 15 of the Dungeon.
You worshipped Okawaru.
Okawaru was exalted by your worship.
You were hungry.

You visited 3 branches of the dungeon, and saw 24 of its levels.
You also visited: Bailey.

You collected 2013 gold pieces.
You spent 506 gold pieces at shops.

Inventory:

Hand Weapons
 b - a +2 scimitar of flaming
 c - the +2 triple sword "Orhuad" {flame, Int+3 Dex+4}
   (Okawaru gifted it to you on level 5 of the Lair of Beasts)

   It has been specially enchanted to burn those struck by it, causing extra
   injury to most foes and up to half again as much damage against particularly
   susceptible opponents.
   Big, fiery blades are also staple armaments of hydra-hunters.
   It affects your intelligence (+3).
   It affects your dexterity (+4).
 t - a +5 great sword of flaming
 x - the +6 triple sword of the Kidney (weapon) {pain, rPois}
   (Okawaru gifted it to you on level 15 of the Dungeon)

   In the hands of one skilled in necromantic magic, it inflicts extra damage on
   living creatures.
   It protects you from poison.
Armour
 O - a +1 plate armour of poison resistance (worn)
 P - the +2 pair of boots "Qysar" (worn) {Str+7}
   (You bought it in a shop on level 12 of the Dungeon)

   It affects your strength (+7).
 R - the +0 cloak "Ubbiq" (worn) {Int+7}
   (You found it on level 9 of the Dungeon)

   It affects your intelligence (+7).
 S - the +1 hat "Xucic" (worn) {rF++ MR- rCorr}
   (Okawaru gifted it to you on level 7 of the Lair of Beasts)

   It greatly protects you from fire.
   It affects your resistance to hostile enchantments.
   It protects you from acid and corrosion.
 W - a +2 buckler
 Y - a +2 pair of gloves of dexterity (worn)
Jewellery
 i - an uncursed ring of flight
 m - an amulet of faith (around neck)
 q - the ring of Toymoif (right hand) {Int-3 Dex+4 SInv}
   (You found it on level 8 of the Lair of Beasts)

   [ring of see invisible]

   It affects your intelligence (-3).
   It affects your dexterity (+4).
   It lets you see invisible.
 D - an uncursed ring of poison resistance
 G - a +5 ring of protection (left hand)
 L - an uncursed amulet of stasis
Wands
 N - a wand of digging (18)
Scrolls
 f - 11 scrolls of remove curse
 g - 4 scrolls of enchant weapon
 h - 2 scrolls of summoning {unknown}
 l - 2 scrolls of brand weapon
 o - 4 scrolls of magic mapping
 p - 3 scrolls of identify
 y - 4 scrolls of enchant armour
 H - a scroll of blinking
 J - a scroll of fog
 M - 4 scrolls of teleportation
 X - a scroll of recharging
Potions
 a - a potion of cancellation
 d - 2 potions of might
 k - 10 potions of curing
 s - 7 potions of brilliance
 u - a potion of experience
 v - 5 potions of magic
 w - 3 potions of haste
 z - a potion of cure mutation
 E - 3 potions of heal wounds
 F - a potion of flight
 I - 4 potions of agility
 Q - 2 potions of resistance
Books
 A - a book of Conjurations

   Spells                             Type                      Level
   a - Magic Dart                     Conjuration                  1
   b - Searing Ray                    Conjuration                  2
   c - Dazzling Spray                 Conjuration/Hexes            3
   d - Fulminant Prism                Conjuration/Hexes            4
   e - Iskenderun's Mystic Blast      Conjuration                  4
   f - Iskenderun's Battlesphere      Conjuration/Charms           5
Comestibles
 e - 17 bread rations
 j - 4 meat rations
 n - 24 fruits
 r - 13 royal jellies
 K - 9 slices of pizza


   Skills:
 + Level 16.1 Fighting
 + Level 18.5 Long Blades
 + Level 15.5 Armour
 + Level 8.3 Dodging
 + Level 2.1 Stealth
 + Level 12.8 Shields
 + Level 1.1 Invocations
 + Level 0.1 Evocations


You had 14 spell levels left.
You didn't know any spells.

Dungeon Overview and Level Annotations

Branches:
Dungeon (15/15)            Temple (1/1) D:5            Lair (8/8) D:8
  Swamp (0/4) Lair:6        Snake (0/4) Lair:4        Slime (0/6) Lair:6
    Orc (0/4) D:12         Vaults (0/5) D:14
 Depths: D:15

Altars:
Ashenzari
Cheibriados
Elyvilon
Fedhas
Gozag
Kikubaaqudgha
Makhleb
Nemelex Xobeh
Okawaru
Qazlal
Ru
Sif Muna
Trog
Vehumet
Xom
Yredelemnul
Zin
The Shining One
Jiyva

Shops:
D:10 }   D:12 [(   D:14 %


Innate Abilities, Weirdness & Mutations

You reflexively headbutt those who attack you in melee.
You have a pair of horns on your head.
You have an increased reservoir of magic (+10% MP).


Message History

The komodo dragon is moderately wounded.
* * * LOW HITPOINT WARNING * * *
You feel sick.
The komodo dragon changes into a cyclops!
The cyclops changes into a sea snake!
Drink which item? (? for menu, Esc to quit)
You feel better.
You are feeling hungry.
The sea snake changes into a boulder beetle!
You slash the boulder beetle!
The boulder beetle is lightly wounded.
The boulder beetle changes into a snapping turtle!
The snapping turtle changes into a shock serpent!
Unknown command.
You completely miss the shock serpent. Your headbutt misses the shock serpent.
The shock serpent closely misses you. You furiously retaliate!
You headbutt the shock serpent. The shock serpent bites you!
* * * LOW HITPOINT WARNING * * *
The shock serpent shocks you!
You die...

.........# #######.....
......(..# .## ##...........
.........###.g# #............
...........##.## ##..........(.
..........##.5g#####.............
...)......#.5gVt#....[...........
..........#CguY5#.(..............
....:.....##xul##....(.....<.....
...........##J##@..........[.....
............#'#S.................
.########..##...###..............
. #..###### #.############# .
#..# #.# #
#######..########.#############
.......).......................
...............................
...............................


You could see a shock serpent shaped shifter.

Vanquished Creatures
  Louise (D:14)
  Azrael (D:14)
  Snorg (Lair:8)
  Josephine (Lair:6)
  7 hydras
  4 centaur warriors
  2 catoblepae
  2 dancing weapons (D:14)
  A queen ant (Lair:5)
  An ogre mage (D:15)
  Urug (Lair:3)
  Sonja (D:13)
  8 skeletal warriors
  A fire crab (shapeshifter) (D:13)
  3 unseen horrors
  An unseen horror (shapeshifter) (D:14)
  2 orc knights
  3 hill giants
  A harpy (shapeshifter) (D:13)
  A griffon (Lair:2)
  4 cyclopes
  9 ugly things
  3 manticores
  A guardian serpent (shapeshifter) (D:14)
  Maurice (D:7)
  19 elephants
  Joseph (D:8)
  4 black mambas
  14 spiny frogs
  3 gargoyles
  5 komodo dragons
  A kobold demonologist (D:12)
  2 efreet
  A troll (D:11)
  A spriggan druid (Lair:8)
  6 polar bears
  The ghost of DeXoteric the Geomancer, a novice GrEE (D:4)
  A queen bee (D:12)
  19 blink frogs
  3 two-headed ogres
  4 redbacks (Lair:8)
  4 wyverns
  4 fire elementals (D:14)
  Eustachio (D:6)
  13 spriggans (Lair:8)
  54 yaks
  6 wraiths
  4 basilisks
  28 wolves
  A deep elf fighter (D:10)
  6 swamp worms (Lair:6)
  4 wargs (D:13)
  8 hippogriffs
  3 hungry ghosts
  3 nagas (Lair:4)
  A mottled dragon (D:15)
  15 porcupines
  A steam dragon (D:11)
  22 soldier ants
  Duvessa (D:4)
  9 black bears
  2 phantoms
  9 water moccasins
  2 hell hounds (D:14)
  4 ice beasts
  A black bear (shapeshifter) (D:15)
  4 boggarts (D:15)
  5 sky beasts
  10 orc warriors
  2 eyes of draining
  9 ogres
  4 wasps (Lair:8)
  5 centaurs
  23 big kobolds
  28 giant frogs
  Blork the orc (D:5)
  25 crocodiles
  Dowan (D:4)
  A gnoll sergeant (D:13)
  5 scorpions
  5 wights (D:10)
  33 killer bees
  2 electric eels
  4 giant frog zombies
  3 crimson imps
  3 hounds
  8 orc priests
  4 centaur zombies
  13 orc wizards
  5 centaur skeletons
  7 giant frog skeletons
  Terence (D:3)
  12 iguanas
  Natasha (thrice) (D:2)
  26 worker ants
  6 sheep
  A killer bee zombie (D:7)
  2 hound zombies
  19 gnolls
  11 adders
  56 river rats
  6 shadow imps
  2 oozes
  4 worms
  3 adder skeletons
  3 giant geckos
  46 orcs
  3 bat zombies (D:9)
  5 giant cockroaches
  12 goblins
  23 hobgoblins
  2 jackals (D:2)
  30 kobolds
  3 quokkas
  2 ball pythons
  8 bats
  8 giant newts
  A jackal zombie (D:8)
  8 rats
  3 fungi
  2 plants (Lair:8)
873 creatures vanquished.

Vanquished Creatures (others)
  45 fungi
  15 plants
60 creatures vanquished.

Grand Total: 933 creatures vanquished

Notes
Turn   | Place    | Note
--------------------------------------------------------------
     0 | D:1      | Peloso the Minotaur Fighter began the quest for the Orb.
     0 | D:1      | Reached XP level 1. HP: 19/19 MP: 0/0
   112 | D:1      | Reached XP level 2. HP: 20/27 MP: 1/1
   175 | D:1      | Reached skill level 4 in Armour
   431 | D:1      | Reached XP level 3. HP: 31/33 MP: 2/2
   642 | D:2      | Found a stormy altar of Qazlal.
   659 | D:2      | Noticed Natasha
   671 | D:2      | Killed Natasha
   690 | D:2      | Reached skill level 1 in Dodging
   690 | D:2      | Reached XP level 4. HP: 40/40 MP: 3/3
   696 | D:2      | Noticed Natasha
   702 | D:2      | Killed Natasha
   969 | D:2      | Noticed Natasha
   979 | D:2      | Killed Natasha
  1519 | D:3      | Found a radiant altar of Vehumet.
  1941 | D:3      | Noticed Terence
  1942 | D:3      | Reached skill level 5 in Shields
  1956 | D:3      | Killed Terence
  1956 | D:3      | Reached XP level 5. HP: 17/46 MP: 4/4
  2330 | D:4      | Reached skill level 5 in Armour
  2365 | D:4      | Found a blossoming altar of Fedhas.
  2386 | D:4      | Reached XP level 6. HP: 25/53 MP: 5/5
  2599 | D:4      | Noticed Duvessa
  2599 | D:4      | Noticed Dowan
  2625 | D:4      | Killed Duvessa
  2664 | D:4      | Killed Dowan
  2829 | D:4      | Noticed DeXoteric's ghost (novice GrEE)
  2860 | D:4      | Killed DeXoteric's ghost
  2860 | D:4      | Reached skill level 5 in Fighting
  2860 | D:4      | Reached skill level 5 in Long Blades
  2860 | D:4      | Reached skill level 6 in Shields
  2860 | D:4      | Reached XP level 7. HP: 31/61 MP: 6/6
  3030 | D:4      | Got a slimy hunting sling
  3032 | D:4      | Got a blackened ring mail
  3549 | D:4      | Identified the +1 ring mail "Jeckeclo" {rElec Int+5} (You found it on level 4 of the Dungeon)
  3560 | D:4      | Identified the cursed +1 hunting sling of Otapoc Tesk {velocity, rElec rF+} (You found it on level 4 of the Dungeon)
  3587 | D:5      | Entered Level 5 of the Dungeon
  3725 | D:5      | Noticed Blork the orc
  3735 | D:5      | Killed Blork the orc
  3823 | D:5      | Found a staircase to the Ecumenical Temple.
  3827 | Temple   | Entered the Ecumenical Temple
  3874 | Temple   | Became a worshipper of Warmaster Okawaru
  3909 | D:5      | Reached skill level 7 in Shields
  3909 | D:5      | Reached XP level 8. HP: 68/68 MP: 7/7
  4046 | D:5      | Got an encrusted dagger
  4047 | D:5      | Identified the +11 dagger of Vilos {freeze, Int+2} (You found it on level 5 of the Dungeon)
  4153 | D:6      | Noticed Eustachio
  4180 | D:6      | Killed Eustachio
  4180 | D:6      | Reached * piety under Okawaru
  4428 | D:6      | Got a faintly glowing ring mail
  4439 | D:6      | Identified the +1 ring mail "Nuecvug" {rC+ Int+6 Dex-5} (You found it on level 6 of the Dungeon)
  4630 | D:6      | Found a sparkling altar of Nemelex Xobeh.
  4631 | D:6      | Found a bloodstained altar of Trog.
  4631 | D:6      | Found a glowing golden altar of the Shining One.
  4692 | D:6      | Reached skill level 8 in Shields
  5099 | D:7      | Reached ** piety under Okawaru
  5164 | D:7      | Reached XP level 9. HP: 72/75 MP: 8/8
  5279 | D:8      | Noticed Maurice
  5294 | D:7      | Reached skill level 9 in Shields
  5370 | D:7      | Reached *** piety under Okawaru
  5370 | D:7      | Reached skill level 1 in Stealth
  5505 | D:7      | Reached skill level 5 in Dodging
  5616 | D:7      | Reached **** piety under Okawaru
  5616 | D:7      | Reached skill level 10 in Shields
  5762 | D:7      | Reached XP level 10. HP: 65/88 MP: 6/9
  5783 | D:7      | Killed Maurice
  5889 | D:7      | Received a gift from Okawaru
  6173 | D:8      | Found a staircase to the Lair.
  6194 | D:8      | Noticed Joseph
  6219 | D:8      | Killed Joseph
  6461 | D:9      | Reached ***** piety under Okawaru
  6527 | D:9      | Reached skill level 11 in Shields
  6588 | D:9      | Received a gift from Okawaru
  6624 | D:9      | Found a sacrificial altar of Ru.
  6667 | D:9      | Got a bloodstained cloak
  6678 | D:9      | Identified the cursed +0 cloak "Ubbiq" {Int+7} (You found it on level 9 of the Dungeon)
  6742 | D:9      | Found a sacrificial altar of Ru.
  6797 | D:9      | Identified a +1 rod of ignition (14/14) (You found it on level 9 of the Dungeon)
  7143 | D:9      | Noticed a cyclops
  7163 | D:9      | Killed a cyclops
  7256 | D:9      | Reached skill level 10 in Long Blades
  7457 | D:9      | Found an ancient bone altar of Kikubaaqudgha.
  7509 | D:10     | Entered Level 10 of the Dungeon
  7549 | D:10     | Reached XP level 11. HP: 72/97 MP: 10/10
  7761 | D:10     | Found Esmaiss's Gadget Boutique.
  7841 | D:10     | Noticed a hill giant
  7855 | D:10     | Killed a hill giant
  8358 | Lair:1   | Entered Level 1 of the Lair of Beasts
  9112 | Lair:2   | Reached skill level 12 in Shields
  9488 | Lair:2   | Identified a scroll of acquirement
  9491 | Lair:2   | Got a pair of smoking boots
  9502 | Lair:2   | Identified the +1 pair of boots "Asupuv Biaza" {Dex+2} (You acquired it on level 2 of the Lair of Beasts)
  9544 | Lair:2   | Reached skill level 10 in Fighting
  9544 | Lair:2   | Reached skill level 10 in Armour
 10375 | Lair:3   | Noticed Urug
 10642 | Lair:3   | Killed Urug
 10814 | Lair:3   | Noticed a six-headed hydra
 11020 | Lair:2   | Noticed a catoblepas
 11046 | Lair:2   | Killed a catoblepas
 11046 | Lair:2   | Reached ****** piety under Okawaru
 11288 | Lair:3   | Received a gift from Okawaru
 11816 | D:10     | Killed an unseen horror
 11816 | D:10     | Reached XP level 12. HP: 85/108 MP: 11/11
 11968 | D:10     | Noticed a centaur warrior
 11982 | D:10     | Killed a centaur warrior
 12506 | D:11     | Received a gift from Okawaru
 13153 | D:12     | Found Riurr's Armour Shoppe.
 13153 | D:12     | Found a staircase to the Orcish Mines.
 13153 | D:12     | Found Douxota's Weapon Shoppe.
 13270 | D:12     | Bought the +2 pair of boots "Qysar" {Str+7} for 506 gold pieces
 14048 | D:12     | Reached skill level 13 in Long Blades
 14274 | D:12     | Received a gift from Okawaru
 14325 | D:12     | Reached XP level 13. HP: 75/119 MP: 12/12
 14705 | D:13     | Noticed Sonja
 14775 | D:13     | Found a flagged portal.
 14792 | Bailey   | Entered a bailey
 15435 | D:13     | Killed Sonja
 15700 | D:13     | Upgraded the game from 0.17.0-56-gd8de76c to 0.17.0-57-g0e89251
 16169 | D:13     | Reached skill level 14 in Long Blades
 17454 | Lair:3   | Received a gift from Okawaru
 18584 | Lair:4   | Reached skill level 15 in Long Blades
 18700 | Lair:4   | Found a staircase to the Snake Pit.
 18721 | Lair:4   | Reached skill level 1 in Invocations
 19179 | Lair:5   | Reached XP level 14. HP: 81/129 MP: 13/13
 19479 | Lair:5   | Received a gift from Okawaru
 19482 | Lair:5   | Got a faintly glowing triple sword {god gift}
 19483 | Lair:5   | Identified the +2 triple sword "Orhuad" {flame, Int+3 Dex+4} (Okawaru gifted it to you on level 5 of the Lair of Beasts)
 19887 | Lair:5   | Reached skill level 16 in Long Blades
 20168 | Lair:6   | Found a staircase to the Slime Pits.
 20168 | Lair:6   | Found a viscous altar of Jiyva.
 20345 | Lair:6   | Received a gift from Okawaru
 20353 | Lair:6   | Found a staircase to the Swamp.
 20507 | Lair:6   | Noticed Josephine
 20524 | Lair:6   | Killed Josephine
 21229 | Lair:7   | Received a gift from Okawaru
 21232 | Lair:7   | Got a fine hat {god gift}
 21251 | Lair:7   | Identified the +1 hat "Xucic" {rF++ MR- rCorr} (Okawaru gifted it to you on level 7 of the Lair of Beasts)
 21716 | Lair:8   | Entered Level 8 of the Lair of Beasts
 21805 | Lair:8   | Reached skill level 17 in Long Blades
 21824 | Lair:8   | Reached skill level 15 in Armour
 22010 | Lair:8   | Reached skill level 15 in Fighting
 22039 | Lair:8   | Received a gift from Okawaru
 22221 | Lair:8   | Got a smoking steel ring
 22235 | Lair:8   | Reached XP level 15. HP: 133/141 MP: 14/14
 22431 | Lair:8   | Noticed Snorg
 22438 | Lair:8   | Killed Snorg
 23069 | Lair:8   | Identified the ring of Toymoif {Int-3 Dex+4 SInv} (You found it on level 8 of the Lair of Beasts)
 23085 | Lair:8   | Gained mutation: You have an increased reservoir of magic (+10% MP). [potion of beneficial mutation]
 23573 | D:14     | Found Hedec's Food Shoppe.
 23699 | D:14     | Found a gate to the Vaults.
 23828 | D:14     | Noticed Louise
 23832 | D:14     | Killed Louise
 24065 | D:14     | Noticed Azrael
 24087 | D:14     | Killed Azrael
 24128 | D:15     | Entered Level 15 of the Dungeon
 24154 | D:15     | Reached skill level 18 in Long Blades
 24166 | D:15     | Received a gift from Okawaru
 24171 | D:15     | Got a scorched triple sword {god gift}
 24172 | D:15     | Identified the +6 triple sword of the Kidney {pain, rPois} (Okawaru gifted it to you on level 15 of the Dungeon)
 24651 | D:15     | Found a sacrificial altar of Ru.
 25013 | D:15     | HP: 6/144 [fire crab[a boggart] (3)]
 25156 | D:15     | Received a gift from Okawaru
 25166 | D:15     | HP: 4/144 [shock serpent (glowing shapeshifter) (11)]
 25166 | D:15     | Mangled by a shock serpent (glowing shapeshifter)

Action                   |  1- 3 |  4- 6 |  7- 9 | 10-12 | 13-15 || total
-------------------------+-------+-------+-------+-------+-------++-------
Melee: Long sword        |    58 |   231 |   303 |   645 |       ||  1237
       Great sword       |       |       |       |   467 |   551 ||  1018
       Scimitar          |       |       |       |       |    25 ||    25
       Triple sword      |       |       |       |       |   648 ||   648
Invok: Heroism           |       |       |     1 |     2 |     3 ||     6
Evoke: Wand              |       |       |       |       |     2 ||     2
  Use: Scroll            |       |     1 |    15 |    12 |    11 ||    39
       Potion            |       |       |       |     1 |     5 ||     6
  Eat: Chunk             |       |     7 |    12 |    29 |    30 ||    78
       Beef jerky        |       |       |       |       |     5 ||     5
